 Dungeon Crawl Stone Soup version 0.22-a0-538-g76cc104 (webtiles) character file.

6682 Amnesiac the Prestidigitator (level 10, -6/57 HPs)
             Began as a Spriggan Wanderer on June 23, 2018.
             Was an Initiate of Gozag.
             Mangled by Xiguana's ghost (23 damage)
             ... on level 9 of the Dungeon.
             The game lasted 00:24:26 (9747 turns).

Amnesiac the Prestidigitator (Spriggan Wanderer)    Turns: 9747, Time: 00:24:27

Health: -6/57      AC:  6    Str: 11    XL:     10   Next: 73%
Magic:  18/18      EV: 25    Int: 15    God:    Gozag
Gold:   1734       SH:  0    Dex: 15    Spells: 9/9 levels left

rFire    . . .     SeeInvis +   a - +4 dagger (venom)
rCold    . . .     Gourm    .   (shield restricted)
rNeg     . . .     Faith    .   d - +1 robe
rPois    .         Spirit   .   b - +2 hat {MR+}
rElec    .         Reflect  .   g - +0 cloak
rCorr    +         Harm     .   (gloves unavailable)
MR       ++...                  (boots unavailable)
Stlth    ++++......             p - amulet of regeneration
HPRegen  0.59/turn              m - ring of wizardry
MPRegen  0.16/turn              r - ring of resist corrosion

@: very quick
A: very small, unfitting armour, see invisible, herbivore, speed 3, slow
metabolism 2
a: Potion Petition, Call Merchant, Bribe Branch, Renounce Religion


You were on level 9 of the Dungeon.
You worshipped Gozag.
Gozag was most pleased with you.
You were not hungry.

You visited 1 branch of the dungeon, and saw 9 of its levels.
You also visited: Sewer and Ossuary.

You collected 1766 gold pieces.
You paid 32 gold pieces to Gozag.

Inventory:

Hand Weapons
 a - a +4 dagger of venom (weapon)
 h - a +0 blowgun
 B - a +4 scimitar of flaming
Missiles
 n - 4 curare-tipped needles
Armour
 b - a +2 hat of magic resistance (worn)
 d - a +1 robe (worn)
 g - a +0 cloak (worn)
Jewellery
 m - a ring of wizardry (left hand)
 p - an amulet of regeneration (around neck)
 r - a ring of resist corrosion (right hand)
 J - an uncursed ring of wizardry
Wands
 u - a wand of digging (8)
 y - a wand of flame (8)
Scrolls
 e - 4 scrolls of teleportation {!r}
 i - 2 scrolls of identify {!r}
 w - 3 scrolls of enchant weapon {!r}
 A - a scroll of fear {!r}
 G - 2 scrolls of enchant armour {!r}
 H - a scroll of summoning {!r}
Potions
 c - 8 potions of curing {!q}
 j - a potion of cancellation {!q, unknown}
 l - a potion of might {!q}
 o - a potion of invisibility {!q}
 q - 3 potions of magic {!q}
 s - a potion of mutation {!q}
 t - 3 potions of flight {!q}
 v - a potion of heal wounds {!q}
 z - a potion of resistance {!q}
 C - a potion of haste {!q}
 I - a potion of ambrosia {!q}
Miscellaneous
 k - a phial of floods (inert)
Comestibles
 f - 11 rations


   Skills:
 * Level 8.4 Fighting
 - Level 7.8(8.0) Short Blades
 - Level 1.5(4.0) Long Blades
   Level 1.3 Staves
 + Level 9.6 Dodging
 - Level 8.0 Stealth
 + Level 10.1 Evocations


You had 9 spell levels left.
You didn't know any spells.
Your spell library contained the following spells:

 Spells                   Type           Power        Failure   Level  Hunger
 Confuse                  Hex            #.......     32%         3    ####...
 Confusing Touch          Hex            #.....       11%         1    ##.....
 Metabolic Englaciation   Hex/Ice        #.........   95%         5    ######.
 Petrify                  Tmut/Erth      #.......     69%         4    #####..
 Gell's Gravitas          Tloc           #.........   32%         3    ####...
 Yara's Violent Unravell  Hex/Tmut       #.........   95%         5    ######.


Dungeon Overview and Level Annotations

Branches:
Dungeon (9/15)             Temple (0/1) D:7
   Lair: D:8-11         Orc: D:9-12

Altars:
Ashenzari
Dithmenos
Elyvilon
Gozag
Makhleb
Qazlal
Vehumet
Wu Jian
Yredelemnul

Shops:
D:3 *

Annotations:
D:9 Xiguana's ghost, novice TrWr


Innate Abilities, Weirdness & Mutations

You are very small and have problems with some larger weapons.
You are too small for most types of armour.
You have supernaturally acute eyesight. (SInv)
You are a herbivore.
You cover ground extremely quickly.
You need to consume almost no food.


Message History

Moving in this stuff is going to be slow.
The water rises up and takes form.
You hear a shout! x4
Xiguana's ghost completely misses you.
You open the door. Xiguana's ghost barely misses you.
There is an open door here.
You hit Xiguana's ghost but do no damage.
Xiguana's ghost is heavily damaged.
Xiguana's ghost hits you but does no damage.
You closely miss Xiguana's ghost.
Xiguana's ghost is heavily damaged.
You closely miss Xiguana's ghost.
Xiguana's ghost is severely damaged.
Xiguana's ghost hits you.
You completely miss Xiguana's ghost.
Xiguana's ghost is severely damaged.
Xiguana's ghost misses you.
You hit Xiguana's ghost but do no damage.
Xiguana's ghost is severely damaged.
You hit Xiguana's ghost but do no damage.
Xiguana's ghost is severely damaged.
Xiguana's ghost hits you.
You hit Xiguana's ghost.
Xiguana's ghost is almost destroyed.
You hit Xiguana's ghost.
Xiguana's ghost is almost destroyed.
Xiguana's ghost completely misses you.
You closely miss Xiguana's ghost.
Xiguana's ghost is almost destroyed.
Xiguana's ghost hits your water elemental but does no damage.
You hit Xiguana's ghost but do no damage.
Xiguana's ghost is almost destroyed.
You hit Xiguana's ghost but do no damage.
Xiguana's ghost is almost destroyed.
Xiguana's ghost hits you.
You hit Xiguana's ghost but do no damage.
Xiguana's ghost is almost destroyed.
The orc misses you.
The orc barely misses your water elemental.
You barely miss the orc. Xiguana's ghost hits you!!
* * * LOW HITPOINT WARNING * * *
You puncture the orc!
You kill the orc!
An orc warrior comes into view. It is wielding a battleaxe.
Evoke which item? (* to show all) (? for menu, Esc to quit)
Aiming: Throw Flame
Press: ? - help, Shift-Dir - straight line, p - Xiguana's ghost The puff of flame hits Xiguana's ghost.
Xiguana's ghost resists.
Xiguana's ghost is almost destroyed.
Evoke which item? (* to show all) (? for menu, Esc to quit)
Aiming: Throw Flame
Press: ? - help, Shift-Dir - straight line, f - Xiguana's ghost
Aim: Xiguana's ghost (almost destroyed)
The puff of flame hits Xiguana's ghost.
Xiguana's ghost resists.
Xiguana's ghost is almost destroyed.
Found a stone staircase leading down.
Evoke which item? (* to show all) (? for menu, Esc to quit)
Aiming: Throw Flame
Press: ? - help, Shift-Dir - straight line, f/p - Xiguana's ghost
Aim: Xiguana's ghost (almost destroyed)
The puff of flame misses Xiguana's ghost.
Xiguana's ghost hits you!!
You die...
Your body crumbles into a pile of gold.

#.. #># #.# #.# #.#
#.# #.# . #@# ###
o#### . #W# #..
..... . #.#
#)######### #E#
#.#.......# ##.##
##≈#..$:)..#
##..o####..#$#...#.#
#......o$..#..#.#..#
##...####..#.#...#.#
##..# ##.#.......#


You could see an orc warrior, Xiguana's ghost and a friendly water elemental.

Vanquished Creatures
  Gastronok (D:8)
  Erica (D:8)
  A manticore (D:9)
  Grinder (Sewer)
  Prince Ribbit (D:7)
  A hippogriff (D:8)
  2 wraiths (Ossuary)
  Eustachio (D:5)
  Grum (D:8)
  An ice beast (D:5)
  A black bear (D:8)
  An orc warrior (D:6)
  A centaur (D:8)
  3 ogres
  4 wolves (D:8)
  A crocodile (D:8)
  3 big kobolds
  3 bullfrogs
  3 scorpions
  6 killer bees (D:7)
  4 wights (Ossuary)
  3 howler monkeys
  2 crimson imps
  A bullfrog zombie (D:9)
  A quasit (Sewer)
  2 hounds
  3 orc priests
  A centaur skeleton (D:8)
  2 bullfrog skeletons
  An iguana (D:6)
  A worker ant (D:5)
  An orc wizard (D:8)
  A big kobold zombie (Sewer)
  A worker ant zombie (D:2)
  9 gnolls
  A howler monkey skeleton (D:5)
  14 adders
  5 shadow imps
  An ufetubus (Sewer)
  4 oozes
  2 adder skeletons
  An adder zombie (D:5)
  3 worms
  3 leopard geckos
  15 orcs
  12 bats
  7 giant cockroaches
  7 goblins
  7 hobgoblins
  6 jackals
  34 kobolds
  5 quokkas
  A ball python (D:1)
  A ball python skeleton (Ossuary)
  2 frilled lizards
  A giant cockroach zombie (D:5)
  2 hobgoblin skeletons (Ossuary)
  2 hobgoblin zombies (Ossuary)
  2 kobold zombies (Ossuary)
  An orc skeleton (Ossuary)
  2 quokka skeletons
  6 rats
217 creatures vanquished.

Vanquished Creatures (collateral kills)
  An orc warrior (D:8)
  A phantom (D:5)
  A crimson imp (D:5)
  An orc priest (D:8)
  An orc wizard (D:8)
  4 gnolls
  An orc (D:8)
  A bat (D:1)
  A goblin (D:1)
12 creatures vanquished.

Vanquished Creatures (others)
  A big kobold zombie (Sewer)
1 creature vanquished.

Grand Total: 230 creatures vanquished

Notes
Turn   | Place    | Note
-------+----------+-------------------------------------------
     0 | D:1      | Amnesiac the Spriggan Wanderer began the quest for the Orb.
     0 | D:1      | Amnesiac set off with: a phial of floods, a +0 quarterstaff, a potion of curing {!q}, a +0 robe, a ration
     0 | D:1      | Reached XP level 1. HP: 11/11 MP: 3/3
    64 | D:2      | Found a faded altar of an unknown god.
    83 | D:2      | Reached skill level 2 in Evocations
    98 | D:3      | Found Gozag's Platinum Reserve.
   101 | D:3      | Found an opulent altar of Gozag.
   422 | D:3      | Reached XP level 2. HP: 15/16 MP: 5/5
   602 | D:3      | Became a worshipper of Gozag Ym Sagoz the Greedy
   607 | D:3      | Reached skill level 3 in Evocations
  1005 | D:1      | Reached skill level 4 in Evocations
  1008 | D:1      | Reached XP level 3. HP: 10/19 MP: 5/7
  1650 | D:2      | Reached skill level 5 in Evocations
  1712 | D:2      | Reached skill level 1 in Short Blades
  1712 | D:2      | Reached XP level 4. HP: 11/23 MP: 8/8
  2334 | D:3      | Reached XP level 5. HP: 27/27 MP: 9/9
  2505 | D:3      | Found a radiant altar of Vehumet.
  3352 | D:4      | Found a burning altar of Makhleb.
  3355 | D:4      | Found a stormy altar of Qazlal.
  3358 | D:4      | Found a shadowy altar of Dithmenos.
  3739 | D:4      | Found an ornate altar of the Wu Jian Council.
  4233 | D:4      | Reached XP level 6. HP: 32/32 MP: 10/10
  4304 | D:5      | Entered Level 5 of the Dungeon
  4335 | D:5      | Found a white marble altar of Elyvilon.
  4427 | D:5      | Noticed an ice beast
  4440 | D:5      | Killed an ice beast
  4440 | D:5      | Reached skill level 5 in Stealth
  4523 | D:5      | Reached skill level 5 in Short Blades
  4566 | D:5      | Reached XP level 7. HP: 35/35 MP: 11/11
  4631 | D:5      | Found a glowing drain.
  4685 | Sewer    | Entered a sewer
  5107 | Sewer    | Noticed Grinder
  5119 | Sewer    | Found a burning altar of Makhleb.
  5136 | Sewer    | Killed Grinder
  5136 | Sewer    | Reached XP level 8. HP: 30/39 MP: 12/12
  5892 | D:5      | Found a basalt altar of Yredelemnul.
  5997 | D:6      | Noticed Eustachio
  6934 | D:7      | Found a sand-covered staircase.
  7054 | D:8      | Noticed Erica
  7063 | D:8      | Killed Erica
  7063 | D:8      | Reached skill level 5 in Dodging
  7063 | D:8      | Reached skill level 6 in Evocations
  7063 | D:8      | Reached XP level 9. HP: 18/46 MP: 13/15
  7081 | D:8      | Noticed Grum
  7086 | D:8      | Reached skill level 5 in Fighting
  7086 | D:8      | Reached skill level 7 in Evocations
  7089 | D:8      | Killed Grum
  7339 | D:7      | Found a staircase to the Ecumenical Temple.
  7431 | Ossuary  | Entered an ossuary
  7599 | Ossuary  | Reached skill level 8 in Evocations
  8345 | D:5      | Killed Eustachio
  8464 | D:7      | Reached XP level 10. HP: 8/53 MP: 17/17
  8597 | D:7      | Noticed Prince Ribbit
  8599 | D:7      | Killed Prince Ribbit
  9142 | D:8      | Noticed Gastronok
  9255 | D:8      | Reached skill level 9 in Evocations
  9282 | D:8      | Killed Gastronok
  9334 | D:8      | Found a shattered altar of Ashenzari.
  9591 | D:9      | Noticed Xiguana's ghost (novice TrWr)
  9592 | D:9      | Found a runed gate.
  9592 | D:9      | Found a runed gate.
  9592 | D:9      | Found a runed gate.
  9592 | D:9      | Noticed a manticore
  9669 | D:9      | Killed a manticore
  9669 | D:9      | Reached skill level 10 in Evocations
  9747 | D:9      | Mangled by Xiguana's ghost

Vault maps used:
D:1:      minmay_arrival_checkered_box
D:2:      cheibrodos_helix_gallery, first_ration,
          chequers_ecumenical_altar_island
D:3:      vehumet_crystals, nicolae_gozag_zags_fifth_avenue
D:4:      grunt_temple_overflow_cloverleaf, minivault_19, corexii_shack
D:5:      kennysheep_ying_yang, gup_sewer_entry_glass
D:6:      uniq_grinder, uniq_eustachio
D:7:      temple_green, nicolae_ossuary_entry_plus, uniq_prince_ribbit1
D:8:      overflow_temple_1_default, uniq_gastronok, uniq_grum, uniq_erica
D:9:      grunt_temple_overflow_growth_and_decay,
          gammafunk_temple_overflow_elements, nicolae_ru_path_of_blood,
          gammafunk_ghost_split, serial_shops, kennysheep_mini_moat, the_bakery,
          nicolae_dithmenos_the_darkroom
Sewer:    kennysheep_sewer_church
Ossuary:  ossuary_due_cavern

Skill      XL: |  1  2  3  4  5  6  7  8  9 10 |
---------------+-------------------------------+-----
Evocations     | 2 4 5 6 8 10 | 10.1
Short Blades   | 1 2 4 5 7 |  7.8
Stealth        | 3 4 5 7 8 |  8.0
Dodging        | 5 7 9 |  9.6
Fighting       | 4 6 8 |  8.4
Long Blades    | |  1.5
Staves         | |  1.3

Action                   |  1- 3 |  4- 6 |  7- 9 | 10-12 || total
-------------------------+-------+-------+-------+-------++-------
Melee: Quarterstaff      |    45 |       |       |       ||    45
       Dagger            |    32 |    86 |    10 |   122 ||   250
       Short sword       |       |    92 |   520 |       ||   612
 Fire: Blowgun           |       |       |       |     4 ||     4
Throw: Tomahawk          |       |       |     4 |       ||     4
Invok: Potion Petition   |       |       |     1 |       ||     1
Evoke: Phial of floods   |     1 |     2 |     1 |     1 ||     5
       Wand              |       |     2 |    22 |    22 ||    46
  Use: Scroll            |       |    11 |    10 |       ||    21
       Potion            |       |     1 |    11 |       ||    12
 Stab: Sleeping          |     4 |    12 |    24 |     2 ||    42
       Distracted        |       |     2 |     1 |     1 ||     4
       Invisible         |       |       |     2 |       ||     2
       Confused          |       |       |     1 |       ||     1
       Paralysed         |       |       |       |     1 ||     1
  Eat: Ration            |       |     2 |     2 |       ||     4
Armor: Robe              |    11 |    15 |    30 |     9 ||    65
Dodge: Dodged            |    62 |   150 |   373 |    77 ||   662

Table legend:
 A = Spawn XP
 B = Non-spawn XP
 C = Spawn XP percentage of total XP
 D = Spawn monster count
 E = Non-spawn monster count
 F = Spawn count percentage of total count
 G = Total turns spent on level
                    A         B        C        D         E        F      G
               +---------+---------+-------+---------+---------+-------+---------
         Total |       0 |    9546 |   0.0 |       0 |     230 |   0.0 |  9747
               +---------+---------+-------+---------+---------+-------+---------
           D:1 |       0 |      28 |   0.0 |       0 |      17 |   0.0 |   942
           D:2 |       0 |     138 |   0.0 |       0 |      24 |   0.0 |  1007
           D:3 |       0 |     100 |   0.0 |       0 |      23 |   0.0 |  1213
           D:4 |       0 |     122 |   0.0 |       0 |      10 |   0.0 |  1256
           D:5 |       0 |     839 |   0.0 |       0 |      28 |   0.0 |   994
           D:6 |       0 |     600 |   0.0 |       0 |      19 |   0.0 |  1344
           D:7 |       0 |     877 |   0.0 |       0 |      17 |   0.0 |   995
           D:8 |       0 |    4760 |   0.0 |       0 |      24 |   0.0 |   787
           D:9 |       0 |     795 |   0.0 |       0 |      15 |   0.0 |   210
         Sewer |       0 |     637 |   0.0 |       0 |      39 |   0.0 |   733
       Ossuary |       0 |     650 |   0.0 |       0 |      14 |   0.0 |   266
               +---------+---------+-------+---------+---------+-------+---------
